| TOP OF THE 1ST |
|
Delmarva Shorebirds batting - Pitching for Greenville Drive : RHP Dan Jenkins
|
|
Pitching: RHP Dan Jenkins
|
|
|
Batting: RHB Josh Hopp
|
0-0: Foul Ball, location: 2F 0-1: Ball 1-1: Foul Ball, location: 2F 1-2: Ball 2-2: Strikes out swinging
|
|
Batting: RHB Kevin Popowicz
|
0-0: Called Strike 0-1: Ball 1-1: Swinging Strike 1-2: Ball 2-2: Foul Ball, location: 2F 2-2: Ball 3-2: Base on Balls
|
|
Batting: RHB Maup Gommers
|
0-0: Called Strike 0-1: Swinging Strike 0-2: Strikes out looking
|
|
Batting: SHB Carlos Carrillo
|
0-0: Ball Kevin Popowicz steals 2nd base 1-0: Ball 2-0: Foul Ball, location: 2F 2-1: Swinging Strike 2-2: Fly out, F8 (Flyball, 8LD, EV 98.1 MPH)
|
| Top of the 1st over - 0 runs, 0 hits, 0 errors, 1 left on base; Delmarva 0 - Greenville 0 |
| BOTTOM OF THE 1ST |
|
Greenville Drive batting - Pitching for Delmarva Shorebirds : RHP Matt Talaski
|
|
Pitching: RHP Matt Talaski
|
|
|
Batting: RHB Aukukero Tairi
|
0-0: Ball 1-0: Fly out, F8 (Flyball, 8LS, EV 91.2 MPH)
|
|
Batting: SHB Salvador Padilla
|
0-0: SINGLE (Line Drive, 89S, EV 106.9 MPH)
|
|
Batting: RHB Alex Cardenas
|
0-0: Grounds into double play, 6-4-3 (Groundball, 6, EV 80.6 MPH)
|
| Bottom of the 1st over - 0 runs, 1 hit, 0 errors, 0 left on base; Delmarva 0 - Greenville 0 |
| TOP OF THE 2ND |
|
Delmarva Shorebirds batting - Pitching for Greenville Drive : RHP Dan Jenkins
|
|
Batting: LHB Sam Williams
|
0-0: Called Strike 0-1: Ball 1-1: Ball 2-1: Foul Ball, location: 2F 2-2: Ball 3-2: SINGLE (Flyball, 9LS, EV 98.1 MPH)
|
|
Batting: RHB C.J. Wells
|
0-0: Foul Ball, location: 2F 0-1: Swinging Strike 0-2: Ball 1-2: Foul Ball, location: 2F 1-2: Foul Ball, location: 2F 1-2: Strikes out looking
|
|
Batting: LHB Vinny Rivera
|
0-0: Called Strike 0-1: Ball 1-1: Ball 2-1: Called Strike 2-2: Strikes out looking
|
|
Batting: RHB Minoru Matsumoto
|
0-0: Called Strike 0-1: Ball 1-1: Swinging Strike 1-2: Strikes out swinging
|
| Top of the 2nd over - 0 runs, 1 hit, 0 errors, 1 left on base; Delmarva 0 - Greenville 0 |
| BOTTOM OF THE 2ND |
|
Greenville Drive batting - Pitching for Delmarva Shorebirds : RHP Matt Talaski
|
|
Batting: LHB Danny Montoya
|
0-0: Swinging Strike 0-1: Ball 1-1: DOUBLE (Line Drive, 7LS, EV 95.0 MPH)
|
|
Batting: RHB Mario Arriero
|
0-0: Ball 1-0: Called Strike 1-1: Ball 2-1: SINGLE (Groundball, 34D, EV 99.4 MPH) Danny Montoya to third
|
|
Batting: RHB Bobby Schimke
|
0-0: Ball 1-0: Ball 2-0: Ball 3-0: Called Strike 3-1: SINGLE (Groundball, 56S, EV 65.6 MPH) (infield hit) Danny Montoya scores Mario Arriero to second
|
|
Batting: LHB Robert Gonzalez
|
0-0: Swinging Strike 0-1: Fly out, F7 (Flyball, 7D, EV 108.1 MPH) Runner from 2nd tags up, SAFE at 3rd, no throw by LF
|
|
Batting: RHB Josh Smith
|
0-0: Ball 1-0: Ball 2-0: Ball 3-0: Base on Balls Bobby Schimke to second
|
|
Batting: RHB Rogelio Cervantes
|
0-0: Called Strike 0-1: Ball 1-1: Called Strike 1-2: Foul Ball, location: 2F 1-2: Strikes out swinging
|
|
Batting: RHB Aukukero Tairi
|
0-0: Swinging Strike 0-1: Foul Ball, location: 2F 0-2: Ball 1-2: Ball 2-2: SINGLE (Flyball, 3D, EV 90.6 MPH) Mario Arriero scores Bobby Schimke to third Josh Smith to second Runner from 3rd tries for Home, SAFE, throw by RF to home
|
|
Batting: SHB Salvador Padilla
|
0-0: Ball 1-0: Ball 2-0: Called Strike 2-1: Swinging Strike 2-2: Ball 3-2: Strikes out swinging
|
| Bottom of the 2nd over - 3 runs, 4 hits, 0 errors, 2 left on base; Delmarva 0 - Greenville 3 |
| TOP OF THE 3RD |
|
Delmarva Shorebirds batting - Pitching for Greenville Drive : RHP Dan Jenkins
|
|
Batting: RHB Ruben Domingues
|
0-0: Ball 1-0: Ball 2-0: Foul Ball, location: 2F 2-1: SINGLE (Groundball, 4M, EV 100.0 MPH) (infield hit)
|
|
Batting: RHB Josh Hopp
|
0-0: Ball 1-0: Foul Ball, location: 2F 1-1: Fly out, F7 (Flyball, 7LD, EV 92.5 MPH)
|
|
Batting: RHB Kevin Popowicz
|
0-0: Ball 1-0: Called Strike 1-1: Swinging Strike 1-2: Ball 2-2: Foul Ball, location: 2F 2-2: Ball 3-2: Foul Ball, location: 2F 3-2: 2-RUN HOME RUN (Flyball, 7D, EV 102.5 MPH), Distance : 381 ft
|
|
Batting: RHB Maup Gommers
|
0-0: Ball 1-0: Ball 2-0: Called Strike 2-1: Ball 3-1: Foul Ball, location: 2F 3-2: Foul Ball, location: 2F 3-2: Strikes out swinging
|
|
Batting: SHB Carlos Carrillo
|
0-0: Called Strike 0-1: Ball 1-1: Fly out, F5 (Popup, 6S, EV 76.9 MPH)
|
| Top of the 3rd over - 2 runs, 2 hits, 0 errors, 0 left on base; Delmarva 2 - Greenville 3 |
| BOTTOM OF THE 3RD |
|
Greenville Drive batting - Pitching for Delmarva Shorebirds : RHP Matt Talaski
|
|
Batting: RHB Alex Cardenas
|
0-0: Ball 1-0: Ground out 4-3 (Groundball, 4, EV 83.8 MPH)
|
|
Batting: LHB Danny Montoya
|
0-0: Called Strike 0-1: Swinging Strike 0-2: Ball 1-2: Ball 2-2: Strikes out looking
|
|
Batting: RHB Mario Arriero
|
0-0: Called Strike 0-1: Foul Ball, location: 2F 0-2: Ground out U3 (Groundball, 34S, EV 87.5 MPH)
|
| Bottom of the 3rd over - 0 runs, 0 hits, 0 errors, 0 left on base; Delmarva 2 - Greenville 3 |
| TOP OF THE 4TH |
|
Delmarva Shorebirds batting - Pitching for Greenville Drive : RHP Dan Jenkins
|
|
Batting: LHB Sam Williams
|
0-0: Foul Ball, location: 2F 0-1: Swinging Strike 0-2: Fly out, F4 (Line Drive, 4, EV 71.9 MPH)
|
|
Batting: RHB C.J. Wells
|
0-0: Foul Ball, location: 2F 0-1: Ball 1-1: Ball 2-1: Ball 3-1: Swinging Strike 3-2: Strikes out swinging
|
|
Batting: LHB Vinny Rivera
|
0-0: Called Strike 0-1: Ball 1-1: Ground out U3 (Groundball, 3, EV 90.0 MPH)
|
| Top of the 4th over - 0 runs, 0 hits, 0 errors, 0 left on base; Delmarva 2 - Greenville 3 |
| BOTTOM OF THE 4TH |
|
Greenville Drive batting - Pitching for Delmarva Shorebirds : RHP Matt Talaski
|
|
Batting: RHB Bobby Schimke
|
0-0: Called Strike 0-1: Foul Ball, location: 2F 0-2: Ball 1-2: Fly out, F4 (Line Drive, 4, EV 63.8 MPH)
|
|
Batting: LHB Robert Gonzalez
|
0-0: Called Strike 0-1: Swinging Strike 0-2: Foul Ball, location: 2F 0-2: Foul Ball, location: 2F 0-2: Ball 1-2: SINGLE (Line Drive, 78S, EV 104.4 MPH)
|
|
Batting: RHB Josh Smith
|
0-0: Swinging Strike 0-1: Swinging Strike 0-2: Ball 1-2: Strikes out looking
|
|
Batting: RHB Rogelio Cervantes
|
0-0: Ball 1-0: Fly out, F8 (Flyball, 8RD, EV 87.5 MPH)
|
| Bottom of the 4th over - 0 runs, 1 hit, 0 errors, 1 left on base; Delmarva 2 - Greenville 3 |
| TOP OF THE 5TH |
|
Delmarva Shorebirds batting - Pitching for Greenville Drive : RHP Dan Jenkins
|
|
Batting: RHB Minoru Matsumoto
|
0-0: Swinging Strike 0-1: Foul Ball, location: 2F 0-2: Foul Ball, location: 2F 0-2: Ball 1-2: Foul Ball, location: 2F 1-2: Foul Ball, location: 2F 1-2: Ball 2-2: Ball 3-2: Foul Ball, location: 2F 3-2: SINGLE (Line Drive, 56D, EV 94.4 MPH)
|
|
Pitching: LHP Roald van Erkel
|
|
|
Batting: RHB Ruben Domingues
|
0-0: Swinging Strike 0-1: Called Strike 0-2: Strikes out swinging
|
|
Batting: RHB Josh Hopp
|
0-0: Fly out, F7 (Flyball, 78XD, EV 99.4 MPH)
|
|
Batting: RHB Kevin Popowicz
|
0-0: Ball 1-0: Swinging Strike 1-1: Foul Ball, location: 2F 1-2: SINGLE (Groundball, 6D, EV 109.4 MPH) Minoru Matsumoto to second
|
|
Batting: RHB Maup Gommers
|
0-0: Called Strike 0-1: Ball 1-1: SINGLE (Groundball, 4MD, EV 105.0 MPH) Minoru Matsumoto to third Kevin Popowicz to second Runner from 3rd tries for Home, SAFE, throw by CF to home
|
|
Batting: SHB Carlos Carrillo
|
0-0: Swinging Strike 0-1: Swinging Strike 0-2: Strikes out swinging
|
| Top of the 5th over - 1 run, 3 hits, 0 errors, 2 left on base; Delmarva 3 - Greenville 3 |
| BOTTOM OF THE 5TH |
|
Greenville Drive batting - Pitching for Delmarva Shorebirds : RHP Matt Talaski
|
|
Batting: RHB Aukukero Tairi
|
0-0: Ball 1-0: Swinging Strike 1-1: Ball 2-1: Foul Ball, location: 2F 2-2: SINGLE (Line Drive, 78M, EV 85.0 MPH)
|
|
Batting: SHB Salvador Padilla
|
0-0: Ball Aukukero Tairi steals 2nd base (no throw) 1-0: Ball 2-0: Ball 3-0: Base on Balls
|
|
Batting: RHB Alex Cardenas
|
0-0: Swinging Strike 0-1: Fly out, F7 (Flyball, 78S, EV 93.8 MPH)
|
|
Batting: LHB Danny Montoya
|
0-0: Called Strike 0-1: Ball 1-1: Ball 2-1: Called Strike 2-2: Strikes out swinging
|
|
Batting: RHB Mario Arriero
|
0-0: Ball 1-0: Swinging Strike 1-1: Ball 2-1: Ball 3-1: Ground out 4-3 (Groundball, 4, EV 103.8 MPH)
|
| Bottom of the 5th over - 0 runs, 1 hit, 0 errors, 2 left on base; Delmarva 3 - Greenville 3 |
| TOP OF THE 6TH |
|
Delmarva Shorebirds batting - Pitching for Greenville Drive : LHP Roald van Erkel
|
|
Batting: LHB Sam Williams
|
0-0: Called Strike 0-1: Called Strike 0-2: Strikes out swinging
|
|
Batting: RHB C.J. Wells
|
0-0: Ball 1-0: Ball 2-0: Ball 3-0: Base on Balls
|
|
Batting: LHB Vinny Rivera
|
0-0: Ball 1-0: Ball 2-0: Fly out, F9 (Flyball, 9LD, EV 108.1 MPH)
|
|
Batting: RHB Minoru Matsumoto
|
0-0: Ball 1-0: SINGLE (Groundball, 6MD, EV 94.4 MPH) C.J. Wells to second
|
|
Batting: RHB Ruben Domingues
|
0-0: Ball 1-0: Ball Wild Pitch! C.J. Wells to third Minoru Matsumoto to second 2-0: Ball 3-0: Called Strike 3-1: Fly out, F9 (Flyball, 89M, EV 72.5 MPH)
|
| Top of the 6th over - 0 runs, 1 hit, 0 errors, 2 left on base; Delmarva 3 - Greenville 3 |
| BOTTOM OF THE 6TH |
|
Greenville Drive batting - Pitching for Delmarva Shorebirds : RHP Matt Talaski
|
|
Batting: RHB Bobby Schimke
|
0-0: Ball 1-0: Ball 2-0: Ball 3-0: Base on Balls
|
|
Batting: LHB Robert Gonzalez
|
0-0: Ball 1-0: Called Strike 1-1: Swinging Strike 1-2: Ball 2-2: Foul Ball, location: 2F 2-2: Ground out 4-3 (Groundball, 34, EV 100.6 MPH) Bobby Schimke to second
|
|
Batting: RHB Josh Smith
|
0-0: Foul Ball, location: 2F 0-1: Called Strike 0-2: Ball 1-2: DOUBLE (Groundball, 5L, EV 111.2 MPH) Bobby Schimke scores
|
|
Batting: RHB Rogelio Cervantes
|
0-0: SINGLE (Groundball, 56D, EV 100.6 MPH) (infield hit) Josh Smith to third
|
|
Batting: RHB Aukukero Tairi
|
0-0: Ball Rogelio Cervantes steals 2nd base 1-0: Called Strike 1-1: Foul Ball, location: 2F 1-2: Foul Ball, location: 2F 1-2: Fly out, F8 (Flyball, 8RD, EV 102.5 MPH) Runner from 3rd tags up, SCORES, throw by CF Rogelio Cervantes to third
|
|
Batting: SHB Salvador Padilla
|
0-0: Ground out U3 (Groundball, 3S, EV 83.1 MPH)
|
| Bottom of the 6th over - 2 runs, 2 hits, 0 errors, 1 left on base; Delmarva 3 - Greenville 5 |
| TOP OF THE 7TH |
|
Delmarva Shorebirds batting - Pitching for Greenville Drive : LHP Roald van Erkel
|
|
Batting: RHB Josh Hopp
|
0-0: Called Strike 0-1: Swinging Strike 0-2: Foul Ball, location: 2F 0-2: Foul Ball, location: 2F 0-2: Strikes out swinging
|
|
Batting: RHB Kevin Popowicz
|
0-0: Fly out, F8 (Flyball, 8LD, EV 90.0 MPH)
|
|
Batting: RHB Maup Gommers
|
0-0: Ground out 6-3 (Groundball, P, EV 76.2 MPH)
|
| Top of the 7th over - 0 runs, 0 hits, 0 errors, 0 left on base; Delmarva 3 - Greenville 5 |
| BOTTOM OF THE 7TH |
|
Greenville Drive batting - Pitching for Delmarva Shorebirds : RHP Matt Talaski
|
|
Pitching: RHP Brent Widder
|
|
|
Batting: RHB Alex Cardenas
|
0-0: Foul Ball, location: 2F 0-1: Ball 1-1: Ball 2-1: Foul Ball, location: 2F 2-2: Ground out 6-3 (Groundball, 6, EV 93.1 MPH)
|
|
Batting: LHB Danny Montoya
|
0-0: Ball 1-0: Foul Ball, location: 2F 1-1: Ground out 4-3 (Groundball, 4, EV 105.6 MPH)
|
|
Batting: RHB Mario Arriero
|
0-0: Swinging Strike 0-1: Ball 1-1: Called Strike 1-2: Ball 2-2: Ball 3-2: Ground out 4-3 (Groundball, 4, EV 108.1 MPH)
|
| Bottom of the 7th over - 0 runs, 0 hits, 0 errors, 0 left on base; Delmarva 3 - Greenville 5 |
| TOP OF THE 8TH |
|
Delmarva Shorebirds batting - Pitching for Greenville Drive : LHP Roald van Erkel
|
|
Pitching: RHP Paul Carter
|
|
|
Batting: SHB Carlos Carrillo
|
0-0: Ball 1-0: Called Strike 1-1: Ground out U3 (Groundball, 3, EV 93.1 MPH)
|
|
Batting: LHB Sam Williams
|
0-0: Called Strike 0-1: Ball 1-1: Swinging Strike 1-2: Foul Ball, location: 2F 1-2: Ball 2-2: Strikes out swinging
|
|
Batting: RHB C.J. Wells
|
0-0: Ball 1-0: Foul Ball, location: 2F 1-1: Swinging Strike 1-2: Foul Ball, location: 2F 1-2: Ball 2-2: SOLO HOME RUN (Flyball, 9D, EV 97.5 MPH), Distance : 393 ft
|
|
Batting: LHB Vinny Rivera
|
0-0: Ball 1-0: Ball 2-0: Ground out 6-3 (Groundball, 15, EV 79.4 MPH)
|
| Top of the 8th over - 1 run, 1 hit, 0 errors, 0 left on base; Delmarva 4 - Greenville 5 |
| BOTTOM OF THE 8TH |
|
Greenville Drive batting - Pitching for Delmarva Shorebirds : RHP Brent Widder
|
|
Batting: RHB Bobby Schimke
|
0-0: Called Strike 0-1: Swinging Strike 0-2: Strikes out swinging
|
|
Batting: LHB Robert Gonzalez
|
0-0: Called Strike 0-1: Foul Ball, location: 2F 0-2: Foul Ball, location: 2F 0-2: Strikes out swinging, 2-3 out at first.
|
|
Batting: RHB Josh Smith
|
0-0: Ground out 4-3 (Groundball, 4, EV 102.5 MPH)
|
| Bottom of the 8th over - 0 runs, 0 hits, 0 errors, 0 left on base; Delmarva 4 - Greenville 5 |
| TOP OF THE 9TH |
|
Delmarva Shorebirds batting - Pitching for Greenville Drive : RHP Paul Carter
|
|
Pitching: RHP Tyler Tomblin
|
|
|
Batting: RHB Minoru Matsumoto
|
0-0: Swinging Strike 0-1: Called Strike 0-2: Ball 1-2: Strikes out swinging
|
|
Batting: RHB Ruben Domingues
|
0-0: Ground out 4-3 (Groundball, 4, EV 90.0 MPH)
|
|
Batting: RHB Josh Hopp
|
0-0: Ball 1-0: Called Strike 1-1: Fly out, F7 (Flyball, 7S, EV 76.9 MPH)
|
| Top of the 9th over - 0 runs, 0 hits, 0 errors, 0 left on base; Delmarva 4 - Greenville 5 |
|